 Dungeon Crawl Stone Soup version 0.28-a0-313-gbc0475efdd (webtiles) character file.

Game seed: 16140885792288783180

238 voltaire321 the Insei (level 6, -3/44 HPs)
             Began as a Merfolk Transmuter on Aug 31, 2021.
             Slain by Terence (6 damage)
             ... on level 2 of the Dungeon.
             The game lasted 00:10:02 (3535 turns).

voltaire321 the Insei (Merfolk Transmuter)          Turns: 3535, Time: 00:10:03

Health: -3/44      AC:  4    Str: 17    XL:     6   Next: 7%
Magic:  10/10      EV: 14    Int: 12    God:
Gold:   154        SH:  0    Dex: 16    Spells: 4/10 levels left

rFire   + . .      SeeInvis .     - Unarmed
rCold   . . .      Faith    .   (no shield)
rNeg    . . .      Spirit   .   a - +0 robe
rPois   .          Reflect  .   f - +1 helmet
rElec   .          Harm     .   (no cloak)
rCorr   .          Rampage  .   (no gloves)
Will    .....                   (no boots)
Stlth   ++........              (no amulet)
HPRegen 0.14/turn               g - +6 ring of strength
MPRegen 0.12/turn               h - ring of protection from fire

@: no status effects
A: (nimble swimmer 2), mertail
a: no special abilities


You were on level 2 of the Dungeon.
You visited 1 branch of the dungeon, and saw 4 of its levels.

You collected 154 gold pieces.

Inventory:

Armour
 a - a +0 robe (worn)
 f - a +1 helmet (worn)
Jewellery
 g - a +6 ring of strength (left hand)
 h - a ring of protection from fire (right hand)
Wands
 k - a wand of paralysis (6)
Scrolls
 b - 2 scrolls of blinking {unknown}
 d - 2 scrolls of identify {unknown}
 e - a scroll of magic mapping {unknown}
 m - a scroll of enchant armour {unknown}
Potions
 c - a potion of lignification {unknown}
 i - a potion of invisibility
 j - a potion of magic {unknown}
 l - a potion of heal wounds {unknown}
 n - a potion of brilliance {unknown}
 o - a potion of attraction {unknown}


   Skills:
 + Level 2.3 Fighting
 - Level 0.5 Maces & Flails
 + Level 4.1 Dodging
 - Level 0.2 Stealth
 + Level 4.3 Unarmed Combat
 + Level 2.8 Spellcasting
 + Level 4.3 Transmutations
 + Level 1.5 Poison Magic


You had 4 spell levels left.
You knew the following spells:

 Your Spells              Type           Power      Damage    Failure   Level
a - Beastly Appendage     Tmut           24%        N/A       4%          1
b - Wereblood             Tmut           12%        N/A       6%          2
c - Spider Form           Tmut/Pois      4%         N/A       22%         3

Your spell library contained the following spells:

 Spells                   Type           Power      Damage    Failure   Level
 Ice Form                 Ice/Tmut       6%         N/A       71%         4


Dungeon Overview and Level Annotations

Branches:
Dungeon (4/15)
 Temple: D:4-7

Altars:
Elyvilon

Annotations:
D:2 1 runed translucent door, Crazy Yiuf, Terence


Innate Abilities, Weirdness & Mutations

((You are quick and stealthy near water. (Stealth+, EV+, Speed+++)))
Your lower body shifts to a powerful aquatic tail in water.


Message History

You hit Terence but do no damage.
Terence is moderately wounded.
Terence barely misses you.
You hit Terence.
Terence is heavily wounded.
Terence hits you with a +0 trident!
* * * LOW HITPOINT WARNING * * *
You barely miss Terence.
Terence is heavily wounded.
Terence barely misses you.
You hit Terence.
Terence is severely wounded.
You hit Terence but do no damage.
Terence is severely wounded.
Terence says, "Time to say good-bye..."
Terence completely misses you.
You hit Terence but do no damage.
Terence is severely wounded.
Terence closely misses you.
You barely miss Terence.
Terence is severely wounded.
Terence barely misses you.
You hit Terence.
Terence is severely wounded.
Terence hits you with a +0 trident.
* * * LOW HITPOINT WARNING * * *
You barely miss Terence.
Terence is severely wounded.
Terence hits you with a +0 trident.
* * * LOW HITPOINT WARNING * * *
You hit Terence.
Terence is almost dead.
Terence hits you but does no damage.
You completely miss Terence.
Terence is almost dead.
Terence closely misses you.
You hit Terence but do no damage.
Terence is almost dead.
Terence hits you with a +0 trident.
You die...

#....#.###.#@#.#.#....# #.#
#....#.....#.#.#.#.##.# #.#
#....#######.#.#.#.##.# #.#
####.....{...#.#.#.##.# #.#
###########.#.#.##.# #.#
#@....†[....# #.##.#####.#
#.########### #.##.......# #
#.#############.########## #
#.......@@....#.# #
#......######.#.# ##### #......#
#.#.####### ....# #......#
#.........# ###.# #......#
#########.## .##.# #.#'#### #..#
.##.# #.#.# ####### ##.## .##.#
#.#.#######...########..#
.##.####.###...###...###...###.##


You could see Terence.

Vanquished Creatures
  Jessica (D:2)
  Natasha (thrice) (D:2)
  A hound zombie (D:3)
  3 hound skeletons
  3 adders
  An adder skeleton (D:4)
  A worm (D:2)
  4 dart slugs
  3 endoplasms
  2 giant cockroaches
  5 goblins
  4 hobgoblins
  3 jackals (D:2)
  2 quokkas (D:3)
  4 ball pythons
  2 bats
  3 frilled lizards
  3 kobolds
  4 rats (D:2)
52 creatures vanquished.

Vanquished Creatures (others)
  A quokka (D:4)
  A ball python (D:4)
2 creatures vanquished.

Grand Total: 54 creatures vanquished

Notes
Turn   | Place    | Note
-------+----------+-------------------------------------------
     0 | D:1      | voltaire321 the Merfolk Transmuter began the quest for the
                  | Orb.
     0 | D:1      | Reached XP level 1. HP: 15/15 MP: 3/3
   232 | D:1      | Reached XP level 2. HP: 21/21 MP: 1/5
   647 | D:1      | Found a faded altar of an unknown god.
   936 | D:2      | You fall into a shaft and drop 2 floors!
   950 | D:4      | Reached XP level 3. HP: 18/26 MP: 4/6
   968 | D:4      | Found a white marble altar of Elyvilon.
  1454 | D:4      | Reached XP level 4. HP: 21/32 MP: 7/7
  1563 | D:4      | Learned a level 2 spell: Wereblood
  1567 | D:4      | Learned a level 3 spell: Spider Form
  2285 | D:2      | Reached XP level 5. HP: 18/38 MP: 6/8
  2519 | D:2      | Noticed Jessica
  2527 | D:2      | Killed Jessica
  2528 | D:2      | Reached skill level 1 in Poison Magic
  2768 | D:2      | Noticed Natasha
  2777 | D:2      | Killed Natasha
  3132 | D:2      | Noticed Natasha
  3140 | D:2      | Killed Natasha
  3243 | D:2      | Found a runed translucent door.
  3244 | D:2      | Noticed Crazy Yiuf
  3363 | D:2      | Noticed Natasha
  3372 | D:2      | Killed Natasha
  3373 | D:2      | Reached XP level 6. HP: 35/44 MP: 10/10
  3449 | D:2      | Noticed Terence
  3535 | D:2      | Slain by Terence

Illustrated notes

Levels and vault maps discovered:
D:1:      sevenhm_arrival_forest_fort_small_3, layout_basic, serial_forest,
          infiniplex_forest_clump_tiny, infiniplex_forest_clump_large,
          infiniplex_forest_lined_2, infiniplex_forest_straight_5,
          infiniplex_forest_straight_2, infiniplex_forest_lined_room_,
          hellmonk_ecumenical_altar_crossroads
D:2:      layout_basic, hangedman_glass_teeth, uniq_crazy_yiuf_cottage,
          uniq_natasha, uniq_jessica, uniq_terence
D:3:      minmay_general_purpose_star, layout_basic, st_stairs_4, uniq_robin
D:4:      layout_cave_pods, elyvilon_altar_4, mainiacjoe_overflow_boulevard,
          minmay_divided_ellipse

Skill      XL: |  1  2  3  4  5 |
---------------+----------------+-----
Transmutations | 3 4 |  4.3
Dodging        | 3 4 |  4.1
Unarmed Combat | 4 |  4.3
Poison Magic   | 1 |  1.5
Fighting       | 2 |  2.3
Maces & Flails | |  0.5
Stealth        | |  0.2
Spellcasting   | |  2.8

Action                   |  1- 3 |  4- 6 || total
-------------------------+-------+-------++-------
Melee: Whip              |    75 |    60 ||   135
       Headbutt          |    19 |    23 ||    42
       Unarmed           |     1 |    67 ||    68
       Punch             |     1 |     5 ||     6
 Cast: Beastly Appendage |    15 |    25 ||    40
 Stab: Sleeping          |       |     3 ||     3
Armor: Robe              |     8 |    14 ||    22
Dodge: Dodged            |    72 |    88 ||   160

Table legend: (Time is in decaauts)
 A = Elapsed time spent in this place.
 B = Non-inter-level travel time spent in this place.
 C = Inter-level travel time spent in this place.
 D = Time resting spent in this place.
 E = Time spent auto-exploring this place.
 F = Levels seen in this place.
 G = Mean time per level.
                   A        B        C        D        E       F      G
               +--------+--------+--------+--------+--------+-----+--------+
         Total |   3540 |   3518 |     22 |   1148 |   1640 |   4 |  885.0 |
       Dungeon |   3540 |   3518 |     22 |   1148 |   1640 |   4 |  885.0 |
               +--------+--------+--------+--------+--------+-----+--------+

Top non-repeatable levels by time:
     D:2: 1442 daAuts
     D:1: 936 daAuts
     D:4: 680 daAuts
     D:3: 481 daAuts
